 Dungeon Crawl Stone Soup version 0.31-a0-986-g5e6e4ef867 (webtiles) character file.

Game seed: 15649365219575347335

1647 dialectric the Covert (level 9, -3/57 HPs)
             Began as an Octopode Delver on Nov 19, 2023.
             Was an Initiate of Nemelex Xobeh.
             Slain by a vampire (7 damage)
             ... on level 6 of the Dungeon.
             The game lasted 00:08:58 (5431 turns).

dialectric the Covert (Octopode Delver)             Turns: 5431, Time: 00:08:59

Health: -3/57      AC:  5    Str: 11    XL:     9   Next: 0%
Magic:  20/20      EV: 18    Int: 12    God:    Nemelex Xobeh [......]
Gold:   427        SH:  0    Dex: 30    Spells: 7/10 levels left

rFire   . . .        o - +2 short sword (drain)
rCold   . . .        (no shield)
rNeg    . . .        (helmet restricted)
rPois   .            h - amulet of the acrobat
rElec   .            k - +6 ring of dexterity
rCorr   .            t - ring of magical power
SInv    .            y - +4 ring of protection
Will    .....        B - +6 ring of dexterity
Stlth   ++++         (no ring)
HPRegen 0.29/turn    (no ring)
MPRegen 0.17/turn    (no ring)
                     (no ring)

%: acrobat
@: confused, hasted, very quick
A: almost no armour, amphibious, 8 rings, camouflage 1, gelatinous body 1,
(nimble swimmer 1), tentacles
a: Renounce Religion, Draw Escape, Draw Destruction, Draw Summoning


You were on level 6 of the Dungeon.
You worshipped Nemelex Xobeh.
Nemelex Xobeh was noncommittal.
You visited 2 branches of the dungeon, and saw 7 of its levels.

You collected 427 gold pieces.

Inventory:

Hand Weapons
 a - a +0 short sword
 o - a +2 short sword of draining (weapon)
 v - the +2 dagger of Xom's Fury {flame, Will+}
   (You took it off an orc on level 4 of the Dungeon)

   Will+:     It increases your willpower.
Missiles
 i - 5 poisoned darts
Jewellery
 h - an amulet of the acrobat (around mantle)
 j - a ring of fire
 k - a +6 ring of dexterity (left tentacle)
 t - a ring of magical power (right tentacle)
 y - a +4 ring of protection (on tentacle)
 B - a +6 ring of dexterity (on tentacle)
 E - a ring of flight
Talismans
 A - a serpent talisman
 D - a blade talisman
Wands
 f - a wand of digging (3)
Scrolls
 b - a scroll of fog
 c - 2 scrolls of revelation
 m - 5 scrolls of identify
 r - a scroll of immolation
 s - a scroll of enchant weapon
 w - a scroll of vulnerability
Potions
 e - 2 potions of haste
 g - a potion of lignification {unknown}
 l - a potion of resistance {unknown}
 n - a potion of curing
 p - a potion of berserk rage {unknown}
 q - a potion of might
 u - 2 potions of degeneration {unknown}
 z - a potion of heal wounds {unknown}
 C - a potion of attraction {unknown}


   Skills:
 - Level 3.3 Fighting
 - Level 3.0 Short Blades
 - Level 5.0 Dodging
 + Level 14.6 Stealth
 * Level 1.4 Spellcasting


You had 7 spell levels left.
You knew the following spells:

 Your Spells              Type           Power      Damage    Failure   Level
a - Mephitic Cloud        Conj/Pois/Air  0%         N/A       65%         3

Your spell library contained the following spells:

 Spells                   Type           Power      Damage    Failure   Level
 Magic Dart               Conj           0%         1d3       28%         1
 Call Imp                 Summ           0%         N/A       41%         2


Dungeon Overview and Level Annotations

Branches:
Dungeon (6/15)             Temple (1/1) D:6

Altars:
Ashenzari
Cheibriados
Dithmenos
Elyvilon
Fedhas
Gozag
Hepliaklqana
Kikubaaqudgha
Nemelex Xobeh
Okawaru
Qazlal
Ru
Sif Muna
Trog
Uskayaw
Vehumet
Wu Jian
Zin
The Shining One

Annotations:
D:3 3 runed translucent doors, ChaoticPyre's ghost, amateur SpEn


Innate Abilities, Weirdness & Mutations

You cannot wear most types of armour.
You are amphibious.
You can wear up to eight rings at the same time.
Your skin changes colour to match your surroundings (Stealth+).
Your rubbery body absorbs attacks. (AC +1, EV +1)
((You are camouflaged when in or above water. (Stealth+)))
You have tentacles for arms and can constrict up to eight enemies at once.


Message History

There is an open door here.
Something barely misses you. x2
Something completely misses you. Something misses you.
There is an open door here.
Something is blocking the doorway!
You hear some strange, mumbled words.
You are confused.
You bump into the rock wall.
Something closely misses you. Something barely misses you.
Unknown command.
You feel yourself speed up. Something closely misses you.
Something bites you but does no damage.
Unknown command.
You hear some strange, mumbled words.
You are more confused.
You bump into the rock wall.
You bump into the rock wall.
You barely miss something. Something closely misses you. Something bites you.
Something draws strength from your injuries!
You're too confused to move!
You hear some strange, mumbled words.
You are more confused.
You're too confused to move!
Something misses you. Something completely misses you.
Something completely misses you. Something closely misses you.
You bump into the rock wall.
You miss something. Something hits you!
* * * LOW HITPOINT WARNING * * *
Something bites you but does no damage.
You hit something. You squeeze something.
You bump into the rock wall.
Something hits you but does no damage. Something bites you.
* * * LOW HITPOINT WARNING * * *
Something draws strength from your injuries!
Something misses you. Something barely misses you.
You bump into the rock wall.
Something hits you!
* * * LOW HITPOINT WARNING * * *
Something bites you!
You die...
Your body disappears without a glow.

.#.#.#.#....##.#######...###....#
##.#.#....####.# #....##....#
.#.#.#...)# #.# ######...##....#
.#.#.#########.###....#...##....#
...#.##.†'..##........'...##....#
.....#..###..#####....#...##....#
.♣.###.8#)#8.# #....#...##....#
>..###'##)##'#####....#....'.....
.♣.##8..#$#...'.@#....#....#....#
...##...+?#..8##......#....#..<..
...###+##?##'#####....#....#.#...
...# #l8#$#8.# #....#....#.#...
#..# #..###..# #########.#.#.#...
...####..+†.####....####.#.#...#.
......#######............#.#...#.
...#.....## #.##....###..#...#.#.
...#......# #.#..........#...#..<


There were no monsters in sight!

Vanquished Creatures
  A yak (D:6)
  A steam dragon (D:6)
  4 water moccasins
  An ogre (D:5)
  A phantom (D:5)
  A gnoll sergeant (D:6)
  2 scorpions
  4 killer bees (D:6)
  3 hounds (D:4)
  A jelly (D:5)
  2 iguanas
  2 sleepcaps (D:5)
  An orc wizard (D:5)
  4 gnolls (D:6)
  5 adders
  An ufetubus (D:6)
  A worm (D:3)
  10 orcs
  2 ball pythons (D:3)
  5 bats
  6 endoplasms
  3 giant cockroaches
  6 goblins
  12 hobgoblins
  3 jackals (D:3)
  4 kobolds
  5 quokkas
  4 frilled lizards
  3 rats (D:2)
98 creatures vanquished.

Notes
Turn   | Place    | Note
-------+----------+-------------------------------------------
     0 | D:5      | dialectric the Octopode Delver began the quest for the Orb.
     0 | D:5      | Reached XP level 1. HP: 16/16 MP: 1/1
   101 | D:4      | Noticed a +0 dagger
   101 | D:4      | Noticed a +0 hand axe
   102 | D:4      | Found a hide-covered altar of Uskayaw.
   248 | D:3      | Found a faded altar of an unknown god.
   277 | D:3      | Reached skill level 7 in Stealth
   318 | D:3      | Found a runed translucent gate.
   319 | D:3      | Found a runed translucent gate.
   319 | D:3      | Found a runed translucent gate.
   324 | D:3      | Noticed ChaoticPyre's ghost (amateur SpEn)
   405 | D:3      | Reached XP level 2. HP: 21/21 MP: 2/2
   500 | D:3      | Found a broken altar of Ashenzari.
   571 | D:3      | Reached XP level 3. HP: 13/26 MP: 3/3
  1189 | D:2      | Found a radiant altar of Vehumet.
  1265 | D:2      | Reached XP level 4. HP: 31/31 MP: 4/4
  1716 | D:1      | Reached skill level 8 in Stealth
  1721 | D:1      | Learned a level 3 spell: Mephitic Cloud
  2739 | D:4      | Reached XP level 5. HP: 36/36 MP: 5/5
  2769 | D:4      | Identified the +2 dagger of Xom's Fury {flame, Will+}
  2938 | D:4      | Reached skill level 9 in Stealth
  3276 | D:5      | Reached XP level 6. HP: 42/42 MP: 6/6
  3485 | D:5      | Reached skill level 10 in Stealth
  3531 | D:5      | Reached XP level 7. HP: 46/46 MP: 7/7
  3620 | D:5      | Reached skill level 11 in Stealth
  4184 | D:5      | Found a glowing silver altar of Zin.
  4184 | D:5      | Found a glowing golden altar of the Shining One.
  4184 | D:5      | Found a white marble altar of Elyvilon.
  4388 | D:6      | Reached skill level 12 in Stealth
  4460 | D:6      | Reached XP level 8. HP: 52/52 MP: 8/8
  4653 | D:6      | Found a staircase to the Ecumenical Temple.
  4662 | Temple   | Entered the Ecumenical Temple
  4671 | Temple   | Became a worshipper of Nemelex Xobeh the Trickster
  4746 | D:6      | Reached skill level 13 in Stealth
  4913 | D:6      | Reached skill level 5 in Dodging
  5076 | D:6      | Identified the +5 trident "Osuops" {speed, Int+3 SInv}
  5206 | D:6      | Noticed a komodo dragon
  5207 | D:6      | Noticed a yak
  5209 | D:6      | Reached skill level 14 in Stealth
  5378 | D:6      | Killed a yak
  5379 | D:6      | Reached skill level 1 in Spellcasting
  5379 | D:6      | Reached XP level 9. HP: 57/57 MP: 11/11
  5431 | D:6      | Slain by a vampire

Illustrated notes

Levels and vault maps discovered:
D:1:      scummos_arrival_forest, layout_loops_ring
D:2:      minmay_alternating_diamond, layout_basic, basic_altar, serial_glass,
          glass_columns_b, glass_columns_c, glass_columns_c, glass_columns_a
D:3:      layout_loops_ring, mainiacjoe_overflow_boulevard,
          gammafunk_ghost_necromancy,
          hellmonk_ecumenical_altar_pennies_from_heaven
D:4:      layout_cave_pods, dancing_weapons_uskayaw
D:5:      corexii_shack_village, layout_basic, dreamdust_divine_triumvirate
D:6:      minmay_chambers_of_sixes, layout_basic, minmay_temple_entry_trees,
          st_stairs_12
Temple:   nicolae_temple_two_arcs

Skill      XL: |  1  2  3  4  5  6  7  8 |
---------------+-------------------------+-----
Stealth        | 7 8 9 10 12 14 | 14.6
Short Blades   | 3 |  3.0
Dodging        | 3 4 5 |  5.0
Spellcasting   | 1 |  1.4
Fighting       | |  3.3

Action                     |  1- 3 |  4- 6 |  7- 9 || total
---------------------------+-------+-------+-------++-------
  Melee: Short sword       |    51 |    70 |    73 ||   194
         Constrict         |    11 |    10 |    17 ||    38
         Tentacles         |     9 |     9 |    25 ||    43
    Use: Scroll            |     1 |     2 |     4 ||     7
         Potion            |       |       |     2 ||     2
   Stab: Sleeping          |     9 |    28 |     9 ||    46
 Armour: Skin              |     9 |     9 |    39 ||    57
  Dodge: Dodged            |    32 |    27 |    75 ||   134

Table legend: (Time is in decaauts)
 A = Elapsed time spent in this place.
 B = Non-inter-level travel time spent in this place.
 C = Inter-level travel time spent in this place.
 D = Time resting spent in this place.
 E = Time spent auto-exploring this place.
 F = Levels seen in this place.
 G = Mean time per level.
                   A        B        C        D        E       F      G
               +--------+--------+--------+--------+--------+-----+--------+
         Total |   5397 |   5114 |    283 |    231 |   3924 |   7 |  771.0 |
       Dungeon |   5377 |   5104 |    273 |    231 |   3924 |   6 |  896.2 |
        Temple |     20 |     10 |     10 |      0 |      0 |   1 |   20.0 |
               +--------+--------+--------+--------+--------+-----+--------+

Top non-repeatable levels by time:
     D:5: 1159 daAuts
     D:6: 1085 daAuts
     D:3: 888 daAuts
     D:4: 771 daAuts
     D:1: 737 daAuts
     D:2: 735 daAuts
  Temple: 20 daAuts
